 Dungeon Crawl Stone Soup version 0.28.0-53-g5a82cb258f (webtiles) character file.

Game seed: 10151832775989937341

281 Martska the Ducker (level 6, -3/47 HPs)
             Began as a Human Warper on June 26, 2022.
             Was a Follower of Kikubaaqudgha.
             Shot with an arrow by a centaur (7 damage)
             ... on level 6 of the Dungeon.
             The game lasted 00:11:33 (6678 turns).

Martska the Ducker (Human Warper)                   Turns: 6678, Time: 00:11:33

Health: -3/47      AC:  3    Str: 13    XL:     6   Next: 53%
Magic:  0/9        EV: 12    Int: 13    God:    Kikubaaqudgha [*.....]
Gold:   297        SH:  0    Dex: 13    Spells: 2/9 levels left

rFire   . . .      SeeInvis .   a - +0 spear
rCold   . . .      Faith    .   (no shield)
rNeg    . . .      Spirit   +   b - +0 leather armour
rPois   .          Reflect  .   (no helmet)
rElec   .          Harm     .   (no cloak)
rCorr   .          Rampage  .   (no gloves)
Will    .....                   (no boots)
Stlth   +.........              n - amulet of guardian spirit
HPRegen 0.15/turn               (no ring)
MPRegen 0.11/turn               (no ring)

@: no status effects
A: no striking features
a: Renounce Religion, Receive Corpses


You were on level 6 of the Dungeon.
You worshipped Kikubaaqudgha.
Kikubaaqudgha was aware of your devotion.
You visited 1 branch of the dungeon, and saw 6 of its levels.

You collected 316 gold pieces.
You spent 19 gold pieces at shops.

Inventory:

Hand Weapons
 a - a +0 spear (weapon)
Missiles
 d - 5 boomerangs of dispersal (quivered)
 l - 8 boomerangs
Armour
 b - a +0 leather armour (worn)
Jewellery
 n - an amulet of guardian spirit (around neck)
Scrolls
 e - a scroll of fog
 f - a scroll of magic mapping {unknown}
 k - a scroll of teleportation
 m - a scroll of vulnerability {unknown}
 o - a scroll of noise {unknown}
 q - a scroll of fear {unknown}
Potions
 g - a potion of haste
 h - a potion of flight
 i - a potion of heal wounds
 j - a potion of cancellation {unknown}
 p - a potion of lignification {unknown}


   Skills:
 * Level 3.6 Fighting
 * Level 3.6 Polearms
 - Level 1.0 Throwing
 - Level 1.0 Armour
 * Level 3.7 Dodging
 - Level 2.0 Spellcasting
 * Level 1.3 Necromancy
 * Level 3.6 Translocations


You had 2 spell levels left.
You knew the following spells:

 Your Spells              Type           Power      Damage    Failure   Level
a - Blink                 Tloc           20%        N/A       11%         2
b - Teleport Other        Tloc           10%        N/A       22%         3
c - Animate Skeleton      Necr           8%         N/A       19%         1
d - Pain                  Necr           16%        1d4       19%         1

Your spell library contained the following spells:

 Spells                   Type           Power      Damage    Failure   Level
 Corpse Rot               Necr/Air       6%         N/A       36%         2
 Gell's Gravitas          Tloc           10%        N/A       22%         3
 Lesser Beckoning         Tloc           10%        N/A       22%         3
 Ozocubu's Armour         Ice            1%         N/A       67%         3
 Manifold Assault         Tloc           10%        N/A       90%         5
 Agony                    Necr           4%         N/A       99%         5
 Ozocubu's Refrigeration  Ice            0%         4d5       100%        7


Dungeon Overview and Level Annotations

Branches:
Dungeon (6/15)             Temple (0/1) D:4

Altars:
Kikubaaqudgha
Makhleb
Trog
Xom

Shops:
D:1 *


Message History

Aim: a centaur, quivering arrows (severely wounded, ally target, about 28% to evade your +0 spear)
You barely miss the centaur.
The centaur is severely wounded.
The centaur barely misses you. The centaur kicks you.
* * * LOW HITPOINT WARNING * * *
Your orc skeleton hits the centaur but does no damage.
The centaur barely misses you. The centaur misses you.
Reach: a) +0 spear
Press: ? - help, Dir - move target, f/p - centaur
Aim: a centaur, quivering arrows (severely wounded, ally target, about 28% to evade your +0 spear)
You completely miss the centaur.
The centaur is severely wounded.
The centaur hits you.
* * * LOW HITPOINT WARNING * * *
The centaur kicks you.
* * * LOW HITPOINT WARNING * * *
Your orc skeleton barely misses the centaur.
Reach: a) +0 spear
Press: ? - help, Dir - move target, f/p - centaur
Aim: a centaur, quivering arrows (severely wounded, ally target, about 28% to evade your +0 spear)
You hit the centaur but do no damage.
The centaur is severely wounded.
The centaur barely misses you.
The centaur kicks you but does no damage.
The centaur hits you.
* * * LOW HITPOINT WARNING * * *
The centaur kicks you but does no damage.
Reach: a) +0 spear
Press: ? - help, Dir - move target, f/p - centaur
Aim: a centaur, quivering arrows (severely wounded, ally target, about 28% to evade your +0 spear)
You hit the centaur but do no damage.
The centaur is severely wounded.
Your orc skeleton barely misses the centaur.
The centaur hits you.
* * * LOW HITPOINT WARNING * * *
The centaur kicks you but does no damage.
The centaur wields a +0 shortbow.
The centaur shoots an arrow.
The arrow hits you!
You die...
Kikubaaqudgha rasps: "You have failed me!
Welcome... death!"

##.........#
..........+
......... ....>..
..... .Z. #c# #.#
#@# ##.## ##...####
.#.......#######.
#..................
.#
##.###.#...#######.
... ... #.##### #.#
### #.# #.# #.#


You could see a centaur (ally target) and a friendly orc skeleton.

Vanquished Creatures
  A bullfrog zombie (D:5)
  2 hounds
  5 river rats (D:4)
  5 adders
  2 worms
  4 dart slugs
  3 orcs
  5 ball pythons
  4 bats
  4 endoplasms
  2 giant cockroaches
  11 goblins
  13 hobgoblins
  A jackal (D:1)
  9 kobolds
  3 quokkas
  5 frilled lizards
  8 rats
87 creatures vanquished.

Vanquished Creatures (others)
  3 plants (D:6)
3 creatures vanquished.

Grand Total: 90 creatures vanquished

Notes
Turn   | Place    | Note
-------+----------+-------------------------------------------
     0 | D:1      | Martska the Human Warper began the quest for the Orb.
     0 | D:1      | Reached XP level 1. HP: 16/16 MP: 3/3
   333 | D:1      | Reached XP level 2. HP: 21/22 MP: 5/5
   584 | D:1      | Learned a level 2 spell: Blink
   601 | D:1      | Reached XP level 3. HP: 25/28 MP: 6/6
   978 | D:1      | Found Feykhlegg's Assorted Antiques.
   993 | D:1      | Bought a lumpy white potion for 19 gold pieces
  2060 | D:2      | Reached XP level 4. HP: 34/34 MP: 7/7
  2494 | D:2      | Found a shimmering altar of Xom.
  3002 | D:2      | Learned a level 3 spell: Teleport Other
  3165 | D:3      | Found a bloodstained altar of Trog.
  3171 | D:3      | Found a faded altar of an unknown god.
  3356 | D:3      | Reached XP level 5. HP: 41/41 MP: 8/8
  3919 | D:3      | Prayed at the altar of an unknown god.
  3919 | D:3      | Became a worshipper of Kikubaaqudgha
  3919 | D:3      | Reached * piety under Kikubaaqudgha
  3919 | D:3      | Received a gift from Kikubaaqudgha
  4254 | D:4      | Found a staircase to the Ecumenical Temple.
  4787 | D:4      | Learned a level 1 spell: Animate Skeleton
  5152 | D:5      | Entered Level 5 of the Dungeon
  5215 | D:4      | HP: 2/41 [river rat (2)]
  5219 | D:4      | Reached XP level 6. HP: 3/47 MP: 2/9
  5222 | D:4      | HP: 1/47 [river rat (3)]
  5225 | D:4      | Reached skill level 1 in Necromancy
  6316 | D:5      | Noticed a black bear
  6355 | D:6      | Noticed a necrophage
  6363 | D:6      | Found a burning altar of Makhleb.
  6363 | D:6      | Noticed a cacodemon
  6645 | D:6      | Learned a level 1 spell: Pain
  6678 | D:6      | Shot with an arrow by a centaur

Illustrated notes

Levels and vault maps discovered:
D:1:      mrwooster_arrival_arrow, layout_basic, serial_shops,
          nicolae_shop_overgrown_old_shop, minmay_pentomino_t2
D:2:      minmay_inner_zag, layout_basic, basic_altar
D:3:      minmay_angry_zag, layout_basic, lemuel_doored_altar,
          chequers_ecumenical_altar_simple, minmay_goblin_outpost
D:4:      layout_loops_ring, minmay_temple_entry_mini_moons,
          lightli_sewer_entry_pipes
D:5:      layout_basic, nicolae_yredelemnul_corpse_copse, elyvilon_altar_1,
          general_overflow_altar, minmay_misc_feat_tower
D:6:      layout_loops_corners, makhleb_altar_promises_db, tso_oasis_becter,
          gammafunk_ghost_abyssal_escape, amcnicky_altar_lugonu_corruption,
          uniq_pikel, uniq_blork_the_orc

Skill      XL: |  1  2  3  4  5  6 |
---------------+-------------------+-----
Dodging        | 3 |  3.7
Fighting       | 3 |  3.6
Polearms       | 3 |  3.6
Necromancy     | 1 |  1.3
Throwing       | |  1.0
Armour         | |  1.0
Spellcasting   | |  2.0
Translocations | |  3.6

Action                   |  1- 3 |  4- 6 || total
-------------------------+-------+-------++-------
Melee: Spear             |   162 |   435 ||   597
       Punch             |       |     3 ||     3
 Cast: Teleport Other    |       |     1 ||     1
       Animate Skeleton  |       |     1 ||     1
  Use: Scroll            |     2 |     6 ||     8
       Potion            |       |     1 ||     1
 Stab: Sleeping          |     1 |     1 ||     2
Armor: Leather armour    |    27 |    74 ||   101
Dodge: Dodged            |    66 |   241 ||   307
